 Dungeon Crawl Stone Soup version 0.31.0-12-g77e489cdc1 (webtiles) character file.

Game seed: 13637963277518639131

197969 Anriel the Eclecticist (level 17, -11/101 HPs)
             Began as a Deep Elf Conjurer on Feb 21, 2024.
             Was the Champion of Sif Muna.
             Killed by the air
             ... invoked by a spriggan air mage
              (31 damage)
             ... on level 4 of the Swamp on Feb 26, 2024.
             The game lasted 03:43:19 (29181 turns).

Anriel the Eclecticist (Deep Elf Conjurer)         Turns: 29181, Time: 03:43:21

Health: -11/101    AC: 14    Str:  2    XL:     17   Next: 79%
Magic:  31/47      EV: 19    Int: 44    God:    Sif Muna [******]
Gold:   311        SH:  0    Dex: 14    Spells: 6/46 levels left

rFire   . . .        s - staff of conjuration
rCold   + . .        (no shield)
rNeg    + + .        A - +2 robe {Will+}
rPois   .            m - +2 helmet of Starshine {rC+ rN++ Dex+3}
rElec   .            y - +2 cloak
rCorr   .            e - +1 pair of gloves
SInv    .            I - +0 pair of boots
Will    ++...        H - amulet of magic regeneration
Stlth   +++          C - +6 ring of intelligence
HPRegen 0.36/turn    j - ring of magical power
MPRegen 0.70/turn

%: no passive effects
@: lethally poisoned (-11 -> -17)
A: clever 2, robust 1, weak 1, noise suppression
}: 1/15 runes: decaying
a: Renounce Religion, Channel Magic, Forget Spell, Divine Exegesis


You were on level 4 of the Swamp.
You worshipped Sif Muna.
Sif Muna was exalted by your worship.
You visited 5 branches of the dungeon, and saw 27 of its levels.
You also visited: Ice Cave.

You collected 2730 gold pieces.
You spent 2419 gold pieces at shops.

Inventory:

Hand Weapons
 b - the +10 great sword of the Extremely Mad {venom, Will++}
   (You found it on level 4 of the Lair of Beasts)

   Will++:    It greatly increases your willpower.
 J - a +4 rapier of speed
Missiles
 k - 3 throwing nets
Armour
 e - a +1 pair of gloves (worn)
 m - the +2 helmet of Starshine (worn) {rC+ rN++ Dex+3}
   (You bought it in a shop on level 12 of the Dungeon)

   Dex+3:     It affects your dexterity (+3).
   rC+:       It protects you from cold.
   rN++:      It greatly protects you from negative energy.
 n - +0 acid dragon scales
 q - a +0 troll leather armour
 y - a +2 cloak (worn)
 A - a +2 robe of willpower (worn)
 I - a +0 pair of boots (worn)
Magical Staves
 s - a staff of conjuration (weapon)
 x - a staff of air
Jewellery
 a - a ring of wizardry
 j - a ring of magical power (right hand)
 l - a ring of fire
 u - a +4 ring of protection
 w - an amulet of reflection
 C - a +6 ring of intelligence (left hand)
 D - a ring of see invisible
 H - an amulet of magic regeneration (around neck)
 K - a ring of resist corrosion
 P - the ring "Caqic" {rN+ Str+6}
   (You found it on level 14 of the Dungeon)

   [ring of strength]

   Str+6:     It affects your strength (+6).
   rN+:       It protects you from negative energy.
Wands
 i - a wand of acid (24)
 p - a wand of flame (51) (quivered)
 t - a wand of charming (15)
 v - a wand of polymorph (7)
 z - a wand of iceblast (4)
 E - a wand of digging (10)
 F - a wand of mindburst (9)
Scrolls
 d - 7 scrolls of teleportation
 r - 5 scrolls of poison
 R - 2 scrolls of revelation
 T - 2 scrolls of fear
 U - 3 scrolls of immolation
 W - 3 scrolls of identify
Potions
 c - 6 potions of haste
 f - a potion of ambrosia
 g - 3 potions of invisibility
 h - a potion of enlightenment
 o - 5 potions of curing
 G - a potion of heal wounds
 Q - a potion of resistance
 X - 4 potions of brilliance
Miscellaneous
 B - a lightning rod (4/4)


   Skills:
 - Level 5.0 Fighting
 - Level 5.0 Staves
 - Level 5.0 Armour
 + Level 13.8 Dodging
 - Level 5.0 Stealth
 - Level 15.0 Spellcasting
 - Level 15.0 Conjurations
 - Level 5.0 Hexes
 - Level 5.0 Translocations
 - Level 10.0 Fire Magic
 * Level 8.4 Ice Magic
 * Level 7.7 Air Magic
 - Level 10.0 Earth Magic
 - Level 10.0 Invocations
 - Level 10.0 Evocations


You had 6 spell levels left.
You knew the following spells:

 Your Spells              Type           Power      Damage    Failure   Level
a - Shock                 Conj/Air       100%       1d9       0%          1
b - Iskenderun's Mystic   Conj/Tloc      100%       2d19      1%          4
c - Iskenderun's Battles  Conj           100%       2d15      1%          5
d - Stone Arrow           Conj/Erth      100%       3d13      0%          3
e - Hailstorm             Conj/Ice       100%       3d16      1%          3
f - Starburst             Conj/Fire      60%        6d16      1%          6
g - Fireball              Conj/Fire      60%        3d23      1%          5
h - Orb of Destruction    Conj           64%        9d15      1%          7
i - Plasma Beam           Fire/Air       42%        2x1d56    3%          6

Your spell library contained the following spells:

 Spells                   Type           Power      Damage    Failure   Level
 Foxfire                  Conj/Fire      100%       2x1d9     0%          1
 Magic Dart               Conj           100%       1d8       0%          1
 Sandblast                Erth           100%       2d20      0%          1
 Searing Ray              Conj           100%       2d8       0%          2
 Static Discharge         Conj/Air       100%       3-8/arc   0%          2
 Necrotise                Necr           100%       1d9       1%          1
 Call Imp                 Summ           66%        N/A       1%          2
 Mercury Vapours          Alch/Air       100%       N/A       1%          2
 Momentum Strike          Conj/Tloc      100%       3d10      1%          2
 Sublimation of Blood     Necr           33%        N/A       1%          2
 Dazzling Flash           Conj/Hex       100%       N/A       1%          3
 Inner Flame              Hex/Fire       78%        N/A       1%          3
 Mephitic Cloud           Conj/Alch/Air  99%        N/A       1%          3
 Ozocubu's Armour         Ice            82%        N/A       1%          3
 Passwall                 Erth           88%        N/A       1%          3
 Summon Ice Beast         Ice/Summ       63%        N/A       1%          3
 Volatile Blastmotes      Fire/Tloc      100%       2d18      1%          3
 Airstrike                Air            39%        2d(6-22)  1%          4
 Animate Armour           Summ/Erth      100%       N/A       1%          4
 Brom's Barrelling Bould  Conj/Erth      100%       2d11      1%          4
 Cause Fear               Hex            33%        N/A       1%          4
 Flame Wave               Conj/Fire      100%       2d21      1%          4
 Fulminant Prism          Conj/Alch      49%        3d21      1%          4
 Ignite Poison            Fire/Alch      67%        N/A       1%          4
 Leda's Liquefaction      Alch/Erth      33%        N/A       1%          4
 Manifold Assault         Tloc           67%        N/A       1%          4
 Petrify                  Alch/Erth      67%        N/A       1%          4
 Sticky Flame             Fire/Alch      67%        2d11      1%          4
 Summon Blazeheart Golem  Fire/Summ      67%        N/A       1%          4
 Summon Lightning Spire   Summ/Air       61%        N/A       1%          4
 Arcjolt                  Conj/Air       58%        1d68      1%          5
 Freezing Cloud           Conj/Ice/Air   56%        6-21      1%          5
 Irradiate                Conj/Alch      49%        3d28      1%          5
 Conjure Ball Lightning   Conj/Air       58%        3x3d21    1%          6
 Fugue of the Fallen      Necr           33%        N/A       2%          3
 Anguish                  Hex/Necr       26%        N/A       2%          4
 Borgnjor's Vile Clutch   Necr/Erth      33%        N/A       2%          5
 Animate Dead             Necr           33%        N/A       8%          4
 Olgreb's Toxic Radiance  Alch           33%        N/A       8%          4
 Summon Forest            Summ/Tloc      26%        N/A       8%          5
 Sculpt Simulacrum        Ice/Alch       31%        N/A       22%         6
 Death Channel            Necr           16%        N/A       77%         6
 Eringya's Noxious Bog    Alch           16%        4d6       77%         6
 Ozocubu's Refrigeration  Ice            41%        4d16      22%         7
 Spellforged Servitor     Conj/Summ      49%        N/A       30%         7
 Lehudib's Crystal Spear  Conj/Erth      60%        10d14     30%         8
 Enfeeble                 Hex            33%        N/A       65%         7
 Malign Gateway           Summ/Tloc      26%        N/A       94%         7
 Summon Hydra             Summ           16%        N/A       100%        7
 Discord                  Hex            33%        N/A       100%        8
 Chain Lightning          Conj/Air       58%        3d77      100%        9
 Dragon's Call            Summ           16%        N/A       100%        9
 Polar Vortex             Ice            41%        12d5*     100%        9


Dungeon Overview and Level Annotations

Branches:
Dungeon (15/15)            Temple (1/1) D:6            Lair (5/5) D:11
  Swamp (4/4) Lair:2       Spider (0/4) Lair:2        Slime (0/5) Lair:5
    Orc (2/2) D:11            Elf (0/3) Orc:2        Vaults (0/5) D:14
 Depths (0/4) D:15          IceCv (visited)

Altars:
Ashenzari
Cheibriados
Dithmenos
Elyvilon
Fedhas
Gozag
Hepliaklqana
Kikubaaqudgha
Makhleb
Nemelex Xobeh
Okawaru
Qazlal
Ru
Sif Muna
Trog
Uskayaw
Vehumet
Wu Jian
Xom
Yredelemnul
Zin
The Shining One
Lugonu

Shops:
D:1 [   D:4 =[   D:6 !   D:12 [[(:   Orc:2 ?*=(

Portals:
Hell: Lair:5
Abyss: D:6


Innate Abilities, Weirdness & Mutations

Your mind is very acute. (Int +8, Str/Dex -2)
You are robust. (+10% HP)
You are weak. (Str -2)
You passively dampen the noise of your surroundings.


Message History

You are engulfed in poison gas.
You are more poisoned.
* * * LOW HITPOINT WARNING * * *
You feel extremely sick.
You feel better.
Casting: Fireball (safe; 1% risk of failure)
Confirm with . or Enter, or press ? or * to list all spells.
Aiming: Fireball (safe; 1% risk of failure)
Press: ? - help, Shift-Dir - straight line, f/p - swamp dragon
Aim: a swamp dragon (poison gas, lightly wounded)
You feel a surge of power!
The fireball explodes!
The fireball engulfs the swamp dragon!!!
The swamp dragon is almost dead.
Unknown command.
Casting: Fireball (safe; 1% risk of failure)
Confirm with . or Enter, or press ? or * to list all spells.
You feel a surge of power!
You erupt in a blast of force!
The mystic blast hits the swamp dragon!
The swamp dragon is almost dead.
The swamp dragon breathes poison at you.
The blast of poison misses you.
Casting: Iskenderun's Mystic Blast (safe; 1% risk of failure)
Confirm with . or Enter, or press ? or * to list all spells.
Aiming: Fireball (safe; 1% risk of failure)
Press: ? - help, Shift-Dir - straight line, f - spriggan air mage, p - swamp dragon
Aim: a spriggan air mage, wearing a +0 robe (steam, lightly wounded, repelling missiles)
You feel a surge of power!
The fireball explodes!
The fireball engulfs the spriggan air mage!!
The spriggan air mage is severely wounded.
The fireball engulfs the swamp dragon!!
You kill the swamp dragon!
Sif Muna accepts your kill.
You are engulfed in poison gas.
You are poisoned.
* * * LOW HITPOINT WARNING * * *
You feel very sick.
The spriggan air mage is engulfed in a cloud of scalding steam.
The spriggan air mage waves its arms in wide circles.
The air twists around and strikes you!!
You die...

~~.~♣♣~~~~....♣♣♣~~~..~~
~~~....~~~~~..~♣~~~§~.~~
~~~...~~~...~~$~~~.~..~~
.~~~§<~~§~~~~..~~..♣..<~~
♣.~~.○.§§§~~§~.# ♣#~÷~~
♣♣.< ♣§§§§§~~# ♣♣♣~.
♣...♣♣○i.§~~♣ ########♣#.
.~~~~.○.○§§♣###..≈≈..###♣
~~~~~°°○@☼###≈≈.≈≈≈≈..≈##
~~~~~○§○☼###..≈.≈≈≈≈≈≈..#
~~..~~.☼.♣#....≈≈≈≈≈≈...÷
~~§~..~.~###....≈~≈......
~~~~~~..~~###....≈~....##
..~~~~...~.###.[.≈≈.###♣
♣♣.~~~~.~..~###~.#### ~
♣♣..~~~.....##...§♣ ~.
♣..~~~........♣♣.~.§~.♣


You could see a spriggan air mage (repels missiles).

Vanquished Creatures
  Kirke (D:12)
  4 thorn hunters
  A fenstrider witch (Swamp:3)
  A fire giant (D:15)
  4 orc warlords
  Nessos (Lair:4)
  5 eleionomae
  2 bunyips
  A vampire knight (D:14)
  4 jiangshi (D:14)
  An ettin (Orc:2)
  3 shambling mangroves
  A rakshasa (D:13)
  20 hydras
  Harold (Lair:1)
  9 two-headed ogres
  2 centaur warriors (D:15)
  A boulder beetle (Lair:5)
  2 catoblepae (Lair:4)
  2 alligators
  7 death yaks
  An occultist (Lair:5)
  4 orc high priests (Orc:2)
  Urug (Lair:1)
  10 spriggans
  A sun demon (Lair:5)
  A fire crab (Lair:5)
  A skyshark (Lair:4)
  Amaemon (D:11)
  8 goliath frogs
  3 spriggan druids
  12 swamp dragons
  5 bog bodies
  A phantasmal warrior (D:14)
  6 orc knights
  A necromancer (Swamp:1)
  6 ugly things
  An oklob plant (Swamp:3)
  5 orc sorcerers (Orc:2)
  4 deep elf pyromancers
  5 cyclopes
  4 will-o-the-wisps
  4 elephants
  3 manticores
  3 black mambas
  2 kobold blastminers (Orc:2)
  3 ice statues (IceCv)
  A torpor snail (Lair:2)
  6 orange demons
  A gargoyle (D:7)
  6 rime drakes
  12 cane toads
  2 unseen horrors
  A bunyip simulacrum (Swamp:1)
  8 komodo dragons
  4 yaktaurs (D:13)
  2 anaconda simulacra (IceCv)
  An ice devil (Lair:5)
  4 hydra zombies (Swamp:1)
  A hellwing (Lair:5)
  3 polar bears
  14 trolls
  A queen bee (shapeshifter) (D:14)
  7 tyrant leeches
  3 bloated husks
  An alligator simulacrum (Swamp:1)
  16 blink frogs
  16 hornets
  5 dream sheep (Lair:4)
  A slime creature (D:7)
  A shadow (D:13)
  4 vampires
  5 wyverns
  2 dire elephant simulacra (IceCv)
  26 yaks
  2 wraiths
  9 basilisks
  5 hogs (D:12)
  A death yak simulacrum (IceCv)
  2 steam dragons
  7 wargs
  8 vampire mosquitoes
  15 swamp worms
  11 water moccasins
  2 acid dragons (D:10)
  3 hell hounds (Lair:5)
  10 swamp drakes
  5 black bears
  4 sky beasts
  13 ogres
  53 orc warriors
  18 wolves
  4 boggarts (Lair:2)
  7 centaurs
  A phantom (D:6)
  6 kobold brigands
  A gnoll sergeant (D:7)
  14 bullfrogs
  3 cane toad simulacra
  9 scorpions
  A two-headed ogre simulacrum (Orc:1)
  15 killer bees
  9 howler monkeys
  An oklob sapling (Swamp:3)
  4 electric eels
  2 jellies
  Crazy Yiuf (D:4)
  26 orc priests
  5 hounds
  A sleepcap (D:7)
  3 iguanas
  20 orc wizards
  6 hell rats (Lair:1)
  A polar bear simulacrum (IceCv)
  A spriggan simulacrum (Orc:1)
  A wolf simulacrum (Orc:1)
  7 adders
  6 gnolls
  4 naga simulacra (Orc:1)
  A white imp (D:6)
  An ufetubus (D:7)
  4 dart slugs
  3 ribbon worms
  115 orcs
  7 ball pythons
  7 endoplasms
  2 giant cockroaches
  2 goblins (D:2)
  7 hobgoblins
  A quokka (D:3)
  4 bats
  7 frilled lizards
  23 kobolds
  4 rats
838 creatures vanquished.

Vanquished Creatures (collateral kills)
  2 foxfires (D:7)
2 creatures vanquished.

Vanquished Creatures (others)
  179 foxfires
179 creatures vanquished.

Grand Total: 1019 creatures vanquished

Notes
Turn   | Place    | Note
-------+----------+-------------------------------------------
     0 | D:1      | Anriel the Deep Elf Conjurer began the quest for the Orb.
     0 | D:1      | Reached XP level 1. HP: 10/10 MP: 6/6
   178 | D:1      | Found Qeiv Wothro's Antique Armour Shoppe.
   329 | D:1      | Reached XP level 2. HP: 15/15 MP: 5/8
   332 | D:1      | Learned a level 2 spell: Searing Ray
   662 | D:2      | Reached XP level 3. HP: 19/19 MP: 0/10
   911 | D:2      | Reached skill level 5 in Conjurations
  1244 | D:2      | Learned a level 1 spell: Foxfire
  1247 | D:2      | Learned a level 2 spell: Searing Ray
  1335 | D:3      | Reached XP level 4. HP: 24/24 MP: 9/12
  1723 | D:3      | Found a shimmering altar of Xom.
  2173 | D:4      | Noticed a scorpion
  2180 | D:4      | Killed a scorpion
  2181 | D:4      | Reached skill level 5 in Spellcasting
  2181 | D:4      | Reached XP level 5. HP: 28/28 MP: 5/14
  2539 | D:4      | Reached skill level 1 in Fire Magic
  2613 | D:4      | Found a basalt altar of Yredelemnul.
  2656 | D:4      | Reached XP level 6. HP: 32/32 MP: 8/15
  2990 | D:4      | Found Zitzifew's Armour Emporium.
  2995 | D:4      | Bought a +0 cloak for 49 gold pieces
  2995 | D:4      | Bought a +0 robe for 7 gold pieces
  3155 | D:4      | Learned a level 3 spell: Stone Arrow
  3160 | D:4      | Learned a level 4 spell: Iskenderun's Mystic Blast
  3283 | D:4      | Found Naneerol's Jewellery Shop.
  3688 | D:4      | Found a runed translucent door.
  3689 | D:4      | Noticed Crazy Yiuf
  3724 | D:4      | Killed Crazy Yiuf
  3725 | D:4      | Reached XP level 7. HP: 36/36 MP: 10/16
  3837 | D:5      | Entered Level 5 of the Dungeon
  4163 | D:5      | Found a sacrificial altar of Ru.
  4335 | D:5      | Found a hazy altar of Hepliaklqana.
  4366 | D:5      | Reached skill level 5 in Dodging
  4449 | D:5      | Reached skill level 5 in Fire Magic
  4679 | D:6      | Reached skill level 1 in Earth Magic
  4720 | D:6      | Found a large runed translucent door.
  4720 | D:6      | Found a large runed translucent door.
  4736 | D:6      | Found a corrupted altar of Lugonu.
  4738 | D:6      | Found Quiz's Distillery.
  4742 | D:6      | Identified the +0 short sword "Aduy" {distort, Str+4}
  4752 | D:6      | Reached XP level 8. HP: 34/41 MP: 9/17
  4767 | D:6      | Found a one-way gate to the infinite horrors of the Abyss.
  4990 | D:6      | Found a shimmering blue altar of Sif Muna.
  4990 | D:6      | Found an ancient bone altar of Kikubaaqudgha.
  4992 | D:6      | Found a radiant altar of Vehumet.
  4995 | D:6      | Got Kikubaaqudgha's Quarto of Stolen Souls
  5036 | D:6      | Found a glowing golden altar of the Shining One.
  5130 | D:6      | Became a worshipper of Sif Muna the Loreminder
  5283 | D:6      | Found an opulent altar of Gozag.
  5295 | D:6      | Found a shadowy altar of Dithmenos.
  5487 | D:6      | Found a staircase to the Ecumenical Temple.
  5496 | Temple   | Entered the Ecumenical Temple
  5539 | D:7      | Found a stormy altar of Qazlal.
  5949 | D:7      | Reached * piety under Sif Muna
  6056 | D:7      | Identified the +9 dagger of the Quick God {distort, ^Contam
                  | rPois rF- rN+++}
  6070 | D:7      | Found a broken altar of Ashenzari.
  6099 | D:7      | Reached skill level 5 in Stealth
  6317 | D:7      | Reached skill level 5 in Earth Magic
  6319 | D:7      | Reached XP level 9. HP: 45/45 MP: 12/18
  6323 | D:7      | Reached skill level 1 in Invocations
  6363 | D:7      | Reached skill level 10 in Conjurations
  6558 | D:7      | Reached skill level 1 in Translocations
  6860 | D:7      | Noticed a manticore
  6908 | D:7      | Killed a manticore
  7072 | D:7      | Reached XP level 10. HP: 44/50 MP: 4/24
  7246 | D:7      | Reached skill level 5 in Translocations
  7299 | D:7      | Noticed a gargoyle
  7299 | D:7      | Noticed a green ugly thing
  7305 | D:7      | Killed a gargoyle
  7305 | D:7      | Reached ** piety under Sif Muna
  7306 | D:7      | Reached skill level 1 in Fighting
  7311 | D:7      | Killed a green ugly thing
  7444 | D:7      | Noticed a two-headed ogre
  7454 | D:7      | Killed a two-headed ogre
  7455 | D:7      | Reached skill level 10 in Spellcasting
  7455 | D:7      | Reached skill level 5 in Invocations
  7458 | D:7      | Reached skill level 1 in Hexes
  7462 | D:7      | Reached skill level 1 in Evocations
  8112 | D:4      | Bought an amulet of magic regeneration for 390 gold pieces
  8230 | D:8      | Learned a level 5 spell: Fireball
  8325 | D:8      | Noticed a two-headed ogre
  8326 | D:8      | Killed a two-headed ogre
  8589 | D:8      | Reached XP level 11. HP: 58/62 MP: 23/27
  9030 | D:8      | Learned a level 5 spell: Iskenderun's Battlesphere
  9155 | D:8      | Gained mutation: You sometimes lose your temper in combat.
                  | [potion of mutation]
  9155 | D:8      | Gained mutation: You have a pair of small antennae on your
                  | head. [potion of mutation]
  9155 | D:8      | Lost mutation: You sometimes lose your temper in combat.
                  | [potion of mutation]
  9155 | D:8      | Gained mutation: You are somewhat resistant to further
                  | mutation. [potion of mutation]
  9156 | D:8      | Lost mutation: You are somewhat resistant to further
                  | mutation. [potion of mutation]
  9156 | D:8      | Lost mutation: You have a pair of small antennae on your
                  | head. [potion of mutation]
  9156 | D:8      | Gained mutation: Your mind is acute. (Int +4, Str/Dex -1)
                  | [potion of mutation]
  9156 | D:8      | Gained mutation: Potions are less effective at restoring
                  | your health. [potion of mutation]
  9156 | D:8      | Gained mutation: You are frail. (-10% HP) [potion of
                  | mutation]
  9157 | D:8      | Lost mutation: Potions are less effective at restoring your
                  | health. [potion of mutation]
  9157 | D:8      | Lost mutation: You are frail. (-10% HP) [potion of
                  | mutation]
  9157 | D:8      | Gained mutation: Potions are less effective at restoring
                  | your health. [potion of mutation]
  9157 | D:8      | Gained mutation: You expend magic power (3 MP) to
                  | strengthen your wands. [potion of mutation]
  9157 | D:8      | Gained mutation: You have sharp toenails. [potion of
                  | mutation]
  9163 | D:8      | Lost mutation: You expend magic power (3 MP) to strengthen
                  | your wands. [potion of mutation]
  9163 | D:8      | Lost mutation: Potions are less effective at restoring your
                  | health. [potion of mutation]
  9163 | D:8      | Gained mutation: You are covered in fur. (AC +1) [potion of
                  | mutation]
  9163 | D:8      | Gained mutation: You expend magic power (3 MP) to
                  | strengthen your wands. [potion of mutation]
  9292 | D:9      | Reached skill level 5 in Fighting
  9491 | D:9      | Noticed a two-headed ogre
  9497 | D:9      | Killed a two-headed ogre
  9497 | D:9      | Reached *** piety under Sif Muna
  9498 | D:9      | Reached skill level 1 in Staves
  9498 | D:9      | Reached skill level 5 in Hexes
 10154 | D:10     | Entered Level 10 of the Dungeon
 10528 | D:10     | Found an iron altar of Okawaru.
 11057 | D:4      | Bought a ring of magical power for 260 gold pieces
 11210 | D:11     | Noticed a two-headed ogre
 11216 | D:11     | Killed a two-headed ogre
 11230 | D:11     | Reached skill level 5 in Evocations
 11251 | D:11     | Identified the +7 scale mail of Agnosticism {rC+ rN+ rCorr}
 11258 | D:11     | Noticed Amaemon
 11264 | D:11     | Killed Amaemon
 11265 | D:11     | Reached skill level 5 in Staves
 11270 | D:11     | Reached skill level 1 in Armour
 11486 | D:11     | Noticed a two-headed ogre
 11609 | D:11     | Killed a two-headed ogre
 11620 | D:11     | Found a staircase to the Orcish Mines.
 11625 | D:11     | Noticed a two-headed ogre
 11629 | D:11     | Killed a two-headed ogre
 11630 | D:11     | Reached XP level 12. HP: 68/68 MP: 28/28
 11704 | D:11     | Found a staircase to the Lair.
 11967 | D:12     | Reached **** piety under Sif Muna
 12105 | D:12     | Found Aniric Soum's Armour Boutique.
 12127 | D:12     | Noticed Kirke
 12139 | D:12     | Killed Kirke
 12207 | D:12     | Found Pevargh's Antique Armour Shop.
 12301 | D:12     | Learned a level 6 spell: Starburst
 12788 | D:12     | Found Faic's Book Shoppe.
 12818 | D:12     | Found Onkonys's Antique Weapon Emporium.
 13175 | D:13     | Reached skill level 5 in Armour
 13612 | D:13     | Found a shimmering blue altar of Sif Muna.
 13753 | D:13     | Noticed a rakshasa
 13760 | D:13     | Killed a rakshasa
 14345 | D:14     | Identified the ring "Caqic" {rN+ Str+6}
 14523 | D:14     | Noticed a two-headed ogre
 14526 | D:14     | Killed a two-headed ogre
 14537 | D:14     | Found a gate to the Vaults.
 14614 | D:14     | Noticed a jiangshi
 14617 | D:14     | Killed a jiangshi
 14618 | D:14     | Reached XP level 13. HP: 72/72 MP: 24/29
 14650 | D:14     | Reached skill level 10 in Earth Magic
 14665 | D:14     | Noticed a jiangshi
 14669 | D:14     | Killed a jiangshi
 14702 | D:14     | Noticed a jiangshi
 14705 | D:14     | Killed a jiangshi
 14706 | D:14     | Reached skill level 10 in Fire Magic
 14745 | D:14     | Noticed a vampire knight
 14749 | D:14     | Killed a vampire knight
 14774 | D:14     | Found an ancient bone altar of Kikubaaqudgha.
 14781 | D:14     | Got the Grimoire of Soot
 14789 | D:14     | Noticed a jiangshi
 14793 | D:14     | Killed a jiangshi
 14937 | D:14     | Found a hide-covered altar of Uskayaw.
 15063 | D:15     | Entered Level 15 of the Dungeon
 15135 | D:15     | Found a staircase to the Depths.
 15135 | D:15     | Noticed a fire giant
 15239 | D:15     | Killed a fire giant
 15949 | D:15     | Lost mutation: You have sharp toenails. [potion of
                  | mutation]
 15949 | D:15     | Lost mutation: Your mind is acute. (Int +4, Str/Dex -1)
                  | [potion of mutation]
 15949 | D:15     | Gained mutation: You are partially covered in iridescent
                  | scales. (AC +2) [potion of mutation]
 15950 | D:15     | Lost mutation: You expend magic power (3 MP) to strengthen
                  | your wands. [potion of mutation]
 15950 | D:15     | Lost mutation: You are partially covered in iridescent
                  | scales. (AC +2) [potion of mutation]
 15950 | D:15     | Lost mutation: You are covered in fur. (AC +1) [potion of
                  | mutation]
 15950 | D:15     | Gained mutation: You are dopey. (Int -2) [potion of
                  | mutation]
 15951 | D:15     | Lost mutation: You are dopey. (Int -2) [potion of mutation]
 15951 | D:15     | Gained mutation: Your body sometimes deteriorates upon
                  | taking damage. [potion of mutation]
 15951 | D:15     | Gained mutation: Your body often deteriorates upon taking
                  | damage. [potion of mutation]
 15951 | D:15     | Gained mutation: You are frail. (-10% HP) [potion of
                  | mutation]
 15951 | D:15     | Gained mutation: Your mind is acute. (Int +4, Str/Dex -1)
                  | [potion of mutation]
 16017 | D:12     | Bought an ancient robe for 199 gold pieces
 16017 | D:12     | Identified the +1 robe of Wepuido {rElec Dex+2} (You bought
                  | it in a shop on level 12 of the Dungeon)
 16206 | D:6      | Bought a potion of mutation for 96 gold pieces
 16206 | D:6      | Bought a potion of heal wounds for 60 gold pieces
 16206 | D:6      | Lost mutation: Your body often deteriorates upon taking
                  | damage. [potion of mutation]
 16206 | D:6      | Lost mutation: You are frail. (-10% HP) [potion of
                  | mutation]
 16206 | D:6      | Lost mutation: Your body sometimes deteriorates upon taking
                  | damage. [potion of mutation]
 16206 | D:6      | Gained mutation: Your mind is very acute. (Int +8, Str/Dex
                  | -2) [potion of mutation]
 16206 | D:6      | Gained mutation: You have hidden genetic potential. [potion
                  | of mutation]
 16206 | D:6      | Gained mutation: You are weak. (Str -2) [potion of
                  | mutation]
 16350 | Lair:1   | Entered Level 1 of the Lair of Beasts
 16400 | Lair:1   | Got the Almanac of Conduction and the Torch
 16540 | Lair:1   | Noticed Urug
 16547 | Lair:1   | Killed Urug
 16829 | Lair:1   | Noticed Harold
 16833 | Lair:1   | Killed Harold
 16839 | Lair:1   | Reached ***** piety under Sif Muna
 17405 | Lair:2   | Found a staircase to the Swamp.
 17572 | Lair:2   | Found a hole to the Spider Nest.
 17871 | Lair:2   | Received a gift from Sif Muna
 17992 | Lair:2   | Reached XP level 14. HP: 60/78 MP: 29/33
 18559 | Lair:3   | Learned a level 6 spell: Plasma Beam
 18567 | Lair:3   | Learned a level 7 spell: Orb of Destruction
 18973 | Lair:4   | Noticed Nessos
 18983 | Lair:4   | HP: 3/78 [poisoned by Nessos]
 19207 | Lair:4   | Killed Nessos
 19210 | Lair:4   | Gained mutation: You are robust. (+10% HP) [hidden
                  | potential]
 19517 | Lair:4   | Identified the +10 great sword of the Extremely Mad {venom,
                  | Will++}
 20257 | Lair:5   | Entered Level 5 of the Lair of Beasts
 20291 | Lair:5   | Reached skill level 10 in Dodging
 20379 | Lair:5   | Reached skill level 15 in Spellcasting
 20556 | Lair:5   | Found a burning altar of Makhleb.
 20563 | Lair:5   | Received a gift from Sif Muna
 20768 | Lair:5   | Got Sif Muna's Guide on Dimensional Combat Magic {god gift}
 20773 | Lair:5   | Found a gateway to Hell.
 21192 | Lair:5   | Found a staircase to the Slime Pits.
 21717 | Orc:1    | Entered Level 1 of the Orcish Mines
 21778 | Orc:1    | Noticed an orc warlord
 21784 | Orc:1    | Noticed an orc warlord
 21790 | Orc:1    | Killed an orc warlord
 21791 | Orc:1    | Reached XP level 15. HP: 90/90 MP: 1/36
 21802 | Orc:1    | Reached skill level 15 in Conjurations
 21823 | Orc:1    | Found a frozen archway.
 21849 | IceCv    | Entered an ice cave
 22561 | Orc:2    | Entered Level 2 of the Orcish Mines
 22817 | Orc:2    | Received a gift from Sif Muna
 22818 | Orc:2    | Got Sif Muna's Quarto of Hurting and Vapour {god gift}
 22985 | Orc:2    | Gained mutation: You passively dampen the noise of your
                  | surroundings. [hidden potential]
 22985 | Orc:2    | Lost mutation: You have hidden genetic potential. [hidden
                  | potential expressed]
 23235 | Orc:2    | Found Usips's Antique Weapon Shop.
 23451 | Orc:2    | Found Kuenkigh's Jewellery Shoppe.
 23602 | Orc:2    | Found a staircase to the Elven Halls.
 23710 | Orc:2    | Reached ****** piety under Sif Muna
 23858 | Orc:2    | Found Uneefor's General Store.
 23877 | Orc:2    | Found Beplebb's Magic Scroll Shoppe.
 24003 | Orc:2    | Bought a scroll of enchant weapon for 112 gold pieces
 24013 | Orc:2    | Bought a scroll of enchant weapon for 120 gold pieces
 24072 | Orc:2    | Bought a smoking great sword for 391 gold pieces
 24072 | Orc:2    | Identified the +5 great sword of Equivalence {antimagic,
                  | rC+ rCorr Str+3} (You bought it in a shop on level 2 of the
                  | Orcish Mines)
 24639 | Swamp:1  | Entered Level 1 of the Swamp
 24646 | Swamp:1  | Received a gift from Sif Muna
 24647 | Swamp:1  | Got Mara's Incunable of Accomplices {god gift}
 24654 | Lair:2   | Learned a level 1 spell: Shock
 24661 | Lair:2   | Learned a level 4 spell: Iskenderun's Mystic Blast
 24666 | Lair:2   | Learned a level 3 spell: Hailstorm
 24672 | Lair:2   | Learned a level 5 spell: Fireball
 25452 | Swamp:1  | Reached skill level 10 in Invocations
 26603 | D:6      | Bought a potion of ambrosia for 96 gold pieces
 26603 | D:6      | Bought a potion of invisibility for 96 gold pieces
 26728 | D:12     | Bought the +2 helmet of Starshine {rC+ rN++ Dex+3} for 543
                  | gold pieces
 27117 | Swamp:2  | Reached XP level 16. HP: 95/95 MP: 30/37
 27241 | Swamp:2  | Noticed a thorn hunter
 27243 | Swamp:2  | Reached skill level 10 in Evocations
 27245 | Swamp:2  | Killed a thorn hunter
 27462 | Swamp:2  | Reached skill level 1 in Ice Magic
 27463 | Swamp:2  | Reached skill level 1 in Air Magic
 27713 | Swamp:2  | Received a gift from Sif Muna
 28143 | Swamp:3  | Noticed a thorn hunter
 28151 | Swamp:3  | Killed a thorn hunter
 28251 | Swamp:3  | Noticed a thorn hunter
 28253 | Swamp:3  | Killed a thorn hunter
 28329 | Swamp:3  | Learned a level 6 spell: Plasma Beam
 28335 | Swamp:3  | Noticed a thorn hunter
 28338 | Swamp:3  | Killed a thorn hunter
 28523 | Swamp:3  | Reached skill level 5 in Ice Magic
 28564 | Swamp:3  | Reached skill level 5 in Air Magic
 28752 | Swamp:3  | Reached XP level 17. HP: 101/101 MP: 38/38
 28783 | Swamp:4  | Entered Level 4 of the Swamp
 29095 | Swamp:4  | Got a decaying rune of Zot
 29120 | Swamp:4  | Received a gift from Sif Muna
 29121 | Swamp:4  | Got Sif Muna's Spellbook of the Syncline {god gift}
 29181 | Swamp:4  | Killed from afar by a spriggan air mage

Illustrated notes

Levels and vault maps discovered:
D:1:      lightli_arrival_flooded_house, layout_basic, serial_shops, shop
D:2:      layout_rooms
D:3:      layout_basic, mainiacjoe_overflow_small_starburst
D:4:      layout_layer_cave, amcnicky_altar_gilded, serial_shops,
          shop_fountains, nicolae_shop_tiny_statue_garden, grunt_ministairs_9,
          uniq_crazy_yiuf_cottage
D:5:      layout_rooms, nicolae_hepliaklqana_hazy_memory,
          nicolae_ru_path_of_blood, grunt_decor_mini_mirrors,
          corexii_hall_statues_deadend
D:6:      due_chaos_kobolds, layout_cave_pools,
          grunt_temple_overflow_magic_moments, nicolae_tso_swordbearing_angel,
          amethyst_overflow_temple_binary, temple_hall, serial_shops,
          nicolae_shop_stone
D:7:      layout_basic, mainiacjoe_overflow_cross_hatched,
          mainiacjoe_overflow_chevrons, minmay_the_grid_2x2
          [minmay_the_grid_all_tris, minmay_the_grid_large_cup,
          minmay_the_grid_spin_star, minmay_the_grid_prize_four_corners]
D:8:      layout_loops_ring, serial_bayou, serial_bayou_shore_b,
          serial_bayou_pond_e, serial_bayou_pond_e, serial_bayou_pond_e,
          chequers_serial_rivers_small_3, minmay_puff
D:9:      layout_basic
D:10:     layout_gridville, okawaru_trees_2
D:11:     layout_basic, grunt_lair_entry_orc_guard_hut, orc_0_dummy,
          uniq_amaemon
D:12:     layout_layer_cave, serial_shops, nicolae_shop_pleasant_corner_grove,
          nicolae_diamond_shop, shop, nicolae_book_shop_shelving, uniq_kirke
D:13:     layout_stronghold, serial_column_ruins, column_ruins_grid_3,
          column_ruins_open_small, column_ruins_grid_4,
          hellmonk_sif_muna_bookshelves
D:14:     layout_cave_pools, david_vaults_4, nicolae_uskayaw_en_pointe,
          nicolae_nh_vlads_tower
D:15:     grunt_enter_depths_giant_problem, layout_basic, dreamdust_wishing_well
Temple:   hellmonk_temple_beads
Lair:1:   layout_layer_cave, infiniplex_staircase_pool, uniq_urug, uniq_harold
Lair:2:   layout_cellular_growth, skrybe_swamp_entry_bodies,
          nicolae_spider_entry_non_spiders, kilobyte_rumbling_trees,
          serial_bayou_shore_a, grunt_megastairs_2
Lair:3:   layout_chaotic_city, lemuel_fruit_fields, grunt_megastairs_5
Lair:4:   layout_regular_city, lemuel_fruit_fields, grunt_megastairs_3,
          uniq_nessos
Lair:5:   evil_forest, layout_regular_city, dpeg_slime_entry_corner,
          minmay_hedge_maze
Swamp:1:  layout_falls_marsh, serial_swamp_ruin, evilmike_swamp_ruin_house_6,
          hangedman_swamp_ruin_wall, evilmike_swamp_ruin_rubble_1, swamp_pool_3,
          nicolae_swamp_necromancer_hut, nicolae_swamp_tree_isthmus
Swamp:2:  layout_basic_swamp, hangedman_swamp_pad, swamp_pool_4
Swamp:3:  nicolae_swamp_phyte_club, layout_falls_marsh, swamp_pool_4
Swamp:4:  swamp_alternative, layout_basic_swamp,
          nicolae_swamp_feature_on_the_river_bank
Orc:1:    layout_caves, portal_ice_cave_entry_ice_simulacra
Orc:2:    pubby_orc_utopia

Skill      XL: |  1  2  3  4  5  6  7  8  9 10 11 12 13 14 15 16 17 |
---------------+----------------------------------------------------+-----
Dodging        | 3 4 5 6 8 10 12 13 | 13.8
Spellcasting   | 4 5 8 10 13 15 | 15.0
Conjurations   | 5 6 7 9 10 12 14 15 | 15.0
Fire Magic     | 2 3 5 6 9 10 | 10.0
Earth Magic    | 1 5 7 9 10 | 10.0
Stealth        | 3 5 |  5.0
Invocations    | 3 5 6 10 | 10.0
Translocations | 4 5 |  5.0
Fighting       | 4 5 |  5.0
Hexes          | 4 5 |  5.0
Evocations     | 3 5 9 10 | 10.0
Staves         | 5 |  5.0
Armour         | 2 5 |  5.0
Ice Magic      | 7 8 |  8.4
Air Magic      | 6 7 |  7.7

Action                     |  1- 3 |  4- 6 |  7- 9 | 10-12 | 13-15 | 16-18 || total
---------------------------+-------+-------+-------+-------+-------+-------++-------
  Melee: Staff             |       |     4 |       |     1 |    31 |     1 ||    37
         Punch             |       |       |       |       |     2 |       ||     2
   Cast: Magic Dart        |    57 |    37 |    60 |    83 |   151 |       ||   388
         Searing Ray       |     2 |     5 |    13 |       |       |       ||    20
         Foxfire           |     4 |    26 |    61 |     7 |       |       ||    98
         Iskenderun's Myst |       |     2 |     8 |    20 |    60 |    14 ||   104
         Stone Arrow       |       |       |    40 |   144 |   247 |    48 ||   479
         Fireball          |       |       |       |    43 |   188 |    83 ||   314
         Iskenderun's Batt |       |       |       |     6 |    18 |     4 ||    28
         Plasma Beam       |       |       |       |       |    11 |       ||    11
         Starburst         |       |       |       |       |     4 |       ||     4
         Orb of Destructio |       |       |       |       |     2 |       ||     2
         Shock             |       |       |       |       |    25 |    39 ||    64
 Invoke: Channel Magic     |       |       |       |     1 |     3 |     3 ||     7
  Evoke: Wand              |       |     4 |    18 |       |    16 |       ||    38
    Use: Scroll            |     3 |     3 |     2 |    15 |    19 |     2 ||    44
         Potion            |       |       |     5 |     4 |    19 |     8 ||    36
 Armour: Robe              |     4 |     8 |    36 |    46 |   134 |    48 ||   276
  Dodge: Dodged            |     7 |     4 |    36 |    32 |    91 |    34 ||   204
